 Dungeon Crawl Stone Soup version 0.19.0 (webtiles) character file.

86 CanadianGator the Skirmisher (level 4, -7/40 HPs)
             Began as a Hill Orc Fighter on Nov 17, 2016.
             Mangled by CanadianGator's ghost (10 damage)
             ... on level 3 of the Dungeon.
             The game lasted 00:05:18 (1880 turns).

CanadianGator the Skirmisher (Hill Orc Fighter)     Turns: 1880, Time: 00:05:18

Health: -7/40      AC: 11    Str: 19    XL:     4   Next: 49%
Magic:  4/4        EV:  4    Int:  8    God:
Gold:   115        SH:  9    Dex: 10    Spells: 0 memorised, 3 levels left

rFire  + . .     SeeInvis .     s - +2 war axe (vamp)
rCold  x . .     Gourm    .     t - +0 plate armour
rNeg   . . .     Faith    .     c - +0 shield
rPois  .         Spirit   .     (no helmet)
rElec  .         Reflect  .     (no cloak)
rCorr  .         Harm     .     (no gloves)
MR     .....                    (no boots)
Stlth  ..........               (no amulet)
                                n - ring of fire
                                i - +1 ring of evasion

@: hasted, very quick
A: no striking features
a: no special abilities


You were on level 3 of the Dungeon.
You were not hungry.

You visited 1 branch of the dungeon, and saw 3 of its levels.

You collected 115 gold pieces.

Inventory:

Hand Weapons
 a - a +0 war axe
 s - a +2 vampiric war axe (weapon)
 x - a cursed -2 hand axe
Armour
 b - a +0 scale mail
 c - a +0 shield (worn)
 q - a +0 chain mail
 t - a +0 plate armour (worn)
Jewellery
 i - a +1 ring of evasion (left hand)
 n - a ring of fire (right hand)
 y - an uncursed ring of wizardry
Scrolls
 g - a scroll of random uselessness {unknown}
 h - a scroll of fog {unknown}
 j - a scroll of immolation {unknown}
 l - 7 scrolls of identify {unknown}
 o - a scroll of noise {unknown}
 p - a scroll of enchant weapon {unknown}
 A - 3 scrolls of amnesia {unknown}
Potions
 d - a potion of might
 e - a potion of magic
 k - a potion of lignification {unknown}
 r - a potion of brilliance {unknown}
 v - a potion of ambrosia {unknown}
 w - a potion of degeneration {unknown}
 z - a potion of flight {unknown}
Comestibles
 m - 3 fruits
 u - a slice of pizza
 B - a bread ration


   Skills:
 + Level 4.3 Fighting
 * Level 4.2 Axes
 + Level 3.8 Armour
 + Level 3.8 Shields


You had 3 spell levels left.
You didn't know any spells.

Dungeon Overview and Level Annotations

Branches:
Dungeon (3/15)

Altars:

Annotations:
D:3 CanadianGator's ghost, amateur GrFi


Message History

You block CanadianGator's ghost's attack.
CanadianGator's ghost hits you.
* * * LOW HITPOINT WARNING * * *
You hit CanadianGator's ghost.
CanadianGator's ghost is almost destroyed.
CanadianGator's ghost hits you but does no damage.
You hit CanadianGator's ghost but do no damage.
CanadianGator's ghost is almost destroyed.
CanadianGator's ghost hits you but does no damage.
CanadianGator's ghost whispers, "The ORB doesn't exist."
CanadianGator's ghost hits you.
* * * LOW HITPOINT WARNING * * *
You hit CanadianGator's ghost.
CanadianGator's ghost is almost destroyed.
You block CanadianGator's ghost's attack.
It was a potion of magic.
Magic courses through your body.
You block CanadianGator's ghost's attack.
It was a potion of haste.
You feel yourself speed up. CanadianGator's ghost hits you!
You die...

##.#.†...##...#
#..##...#.##..###
##.####..##.#....#
†..# ##.†###....#
#### ##.(......# #
##.......# #
#...)...# ####
#.......# ...#
####.#.@# ...###
##.##W# #....##
......w..
#..#..###.###.##.##
##........# ...
####..##..... ...
###)..# ... ...
##...#..# .)....
<..####....


You could see CanadianGator's ghost and a dart slug.

Vanquished Creatures
  2 adders
  3 worms
  A dart slug (D:2)
  2 leopard geckos (D:2)
  7 orcs
  9 bats
  A giant cockroach (D:1)
  4 goblins
  3 hobgoblins
  3 jackals (D:2)
  5 kobolds
  3 frilled lizards (D:2)
  7 rats
50 creatures vanquished.

Notes
Turn   | Place    | Note
-------+----------+-------------------------------------------
     0 | D:1      | CanadianGator the Hill Orc Fighter began the quest for the Orb.
     0 | D:1      | Reached XP level 1. HP: 19/19 MP: 1/1
   453 | D:1      | Reached XP level 2. HP: 23/27 MP: 2/2
  1025 | D:2      | Reached XP level 3. HP: 13/33 MP: 3/3
  1737 | D:3      | Reached XP level 4. HP: 34/40 MP: 4/4
  1857 | D:3      | Noticed CanadianGator's ghost (amateur GrFi)
  1880 | D:3      | Mangled by CanadianGator's ghost

Skill      XL: |  1  2  3 |
---------------+----------+-----
Axes           | 3 4 |  4.2
Fighting       | 4 |  4.3
Armour         | |  3.8
Shields        | |  3.8

Action                   |  1- 3 |  4- 6 || total
-------------------------+-------+-------++-------
Melee: War axe           |   149 |    52 ||   201
  Use: Potion            |       |     2 ||     2
  Eat: Bread ration      |     2 |       ||     2
Armor: Scale mail        |    26 |       ||    26
       Chain mail        |    33 |       ||    33
       Plate armour      |    56 |    37 ||    93
Dodge: Dodged            |    61 |     9 ||    70
Block: Shield            |    83 |    25 ||   108
